 Dungeon Crawl Stone Soup version 0.30-a0-4-ga7cffc901d (webtiles) character file.

Game seed: 13641463339080207967

398 ytrimaz the Insei (level 6, -9/43 HPs)
             Began as a Demonspawn Transmuter on Aug 22, 2022.
             Was an Initiate of Makhleb.
             Killed by divine providence
             ... invoked by an orc priest
              (16 damage)
             ... on level 4 of the Dungeon.
             The game lasted 00:04:28 (3600 turns).

ytrimaz the Insei (Demonspawn Transmuter)           Turns: 3600, Time: 00:04:29

Health: -9/43      AC:  6    Str: 17    XL:     6   Next: 53%
Magic:  12/12      EV: 12    Int: 16    God:    Makhleb [......]
Gold:   1374       SH:  0    Dex: 13    Spells: 7/13 levels left

rFire   . . .      SeeInvis .      - Unarmed
rCold   . . .      Faith    .    (no shield)
rNeg    . . .      Spirit   .    a - +0 robe
rPois   +          Reflect  .    (no helmet)
rElec   .          Harm     .    (no cloak)
rCorr   +          Rampage  .    (no gloves)
Will    .....                    (no boots)
Stlth   +.........               (no amulet)
HPRegen 0.14/turn                j - +6 ring of strength
MPRegen 0.26/turn                k - ring of resist corrosion

@: no status effects
A: thin metallic scales 2, demonic guardian 1, magic regeneration, talons 1,
poison resistance, shaggy fur 1, wild magic 1
a: Renounce Religion


You were on level 4 of the Dungeon.
You worshipped Makhleb.
Makhleb was noncommittal.
You visited 1 branch of the dungeon, and saw 4 of its levels.

You collected 1374 gold pieces.

Inventory:

Armour
 a - a +0 robe (worn)
Jewellery
 j - a +6 ring of strength (left hand)
 k - a ring of resist corrosion (right hand)
Wands
 n - a wand of polymorph (1)
Scrolls
 c - a scroll of enchant armour {unknown}
 f - a scroll of teleportation
Potions
 b - a potion of lignification
 d - a potion of berserk rage {unknown}
 e - a potion of degeneration {unknown}
 h - a potion of ambrosia {unknown}
 i - 3 potions of attraction
 l - a potion of flight {unknown}
 m - 2 potions of curing {unknown}


   Skills:
 - Level 1.0 Fighting
 - Level 1.7 Dodging
 + Level 5.5 Unarmed Combat
 + Level 4.3 Spellcasting
 - Level 1.7 Transmutations


You had 7 spell levels left.
You knew the following spells:

 Your Spells              Type           Power      Damage    Failure   Level
a - Beastly Appendage     Tmut           22%        N/A       12%         1
b - Wereblood             Tmut           11%        N/A       17%         2
c - Spider Form           Tmut/Pois      8%         N/A       43%         3

Your spell library contained the following spells:

 Spells                   Type           Power      Damage    Failure   Level
 Summon Small Mammal      Summ           16%        N/A       24%         1
 Call Canine Familiar     Summ           4%         N/A       54%         3
 Summon Guardian Golem    Hex/Summ       4%         N/A       54%         3
 Ice Form                 Ice/Tmut       8%         N/A       82%         4


Dungeon Overview and Level Annotations

Branches:
Dungeon (4/15)
 Temple: D:4-7

Altars:
Makhleb
Vehumet
Yredelemnul


Innate Abilities, Weirdness & Mutations

You are mostly covered in thin metallic scales. (AC +3)
A weak demonic guardian rushes to your aid.
You regenerate magic rapidly.
You have sharp toenails.
Your system is resistant to poisons. (rPois)
You are covered in fur. (AC +1)
Your spells are a little harder to cast, but a little more powerful.


Message History

Your white imp disappears in a puff of smoke!
The orc priest closely misses you.
There is a stone staircase leading up here.
Unknown command.
Unknown command.
You barely miss the orc priest. Your kick misses the orc priest.
The orc priest is severely wounded.
The orc priest hits you with a +0 spear.
A demonic guardian appears!
You hit the orc priest but do no damage.
You claw the orc priest.
The orc priest is almost dead.
The orc priest barely misses you.
Unknown command.
You hit the orc priest but do no damage.
Your kick misses the orc priest.
The orc priest is almost dead.
The orc priest hits you but does no damage.
Unknown command.
You hit the orc priest but do no damage.
The orc priest is almost dead.
The orc priest calls down the wrath of Beogh upon you.
Beogh smites you!
* * * LOW HITPOINT WARNING * * *
Unknown command.
You hit the orc priest.
You kill the orc priest!
Makhleb accepts your kill.
Your white imp gestures at the orc wizard.
The puff of frost hits the orc wizard!
The orc wizard hits your white imp but does no damage.
Unknown command.
Unknown command.
Your white imp gestures at the orc wizard.
The puff of frost hits the orc wizard!
The orc wizard dies!
Makhleb accepts your kill.
The orc priest invokes the aid of Beogh against you.
Beogh smites you!
You die...

.#.# #####{ ... #.. #.#
#.o #.####### #..
####.......# #..
########.o.o....#.# #..
#.......o##o....#.#####..
#......))##.##.##........
#......5@##..ยง...........
#[......##.#...##.)......
#.....>.###.###########..
##.......# #. #..
#.......## #. #..
#.#####.# #. ...
###.#####.# #. #..
#......##.# #. #..
#.....#.##.##.# ##.


You could see an orc priest, an orc and a friendly white imp (summoned).

Vanquished Creatures
  A phantom (D:4)
  A scorpion (D:4)
  An orc priest (D:4)
  Terence (D:3)
  Jessica (D:3)
  2 orc wizards
  A gnoll (D:1)
  2 adders (D:2)
  2 worms (D:2)
  A dart slug (D:1)
  12 orcs (D:3)
  6 ball pythons
  9 endoplasms
  6 giant cockroaches
  2 goblins (D:3)
  2 hobgoblins (D:1)
  7 jackals
  11 kobolds
  3 quokkas
  5 bats
  3 frilled lizards
  2 rats (D:2)
  A spectral goblin (D:2)
82 creatures vanquished.

Vanquished Creatures (collateral kills)
  An orc wizard (D:4)
  A dart slug (D:2)
2 creatures vanquished.

Vanquished Creatures (others)
  7 plants (D:2)
7 creatures vanquished.

Grand Total: 91 creatures vanquished

Notes
Turn   | Place    | Note
-------+----------+-------------------------------------------
     0 | D:1      | ytrimaz the Demonspawn Transmuter began the quest for the
                  | Orb.
     0 | D:1      | Reached XP level 1. HP: 15/15 MP: 3/3
   114 | D:1      | Reached skill level 3 in Unarmed Combat
   158 | D:1      | Gained mutation: A weak demonic guardian rushes to your
                  | aid. [demonic ancestry]
   158 | D:1      | Reached XP level 2. HP: 18/21 MP: 3/5
   807 | D:1      | Gained mutation: You regenerate magic rapidly. [demonic
                  | ancestry]
   807 | D:1      | Reached XP level 3. HP: 25/26 MP: 4/6
  1128 | D:1      | Learned a level 2 spell: Wereblood
  1132 | D:1      | Learned a level 3 spell: Spider Form
  1278 | D:2      | Found a faded altar of an unknown god.
  1696 | D:2      | Reached skill level 4 in Unarmed Combat
  1696 | D:2      | Reached XP level 4. HP: 32/32 MP: 6/8
  2393 | D:3      | Identified a scroll of acquirement
  2393 | D:3      | Acquired 1103 gold pieces
  2592 | D:3      | Gained mutation: You are partially covered in thin metallic
                  | scales. (AC +2) [demonic ancestry]
  2592 | D:3      | Reached XP level 5. HP: 29/37 MP: 9/9
  2707 | D:3      | Noticed Jessica
  2709 | D:3      | Noticed Terence
  2730 | D:3      | Killed Terence
  2735 | D:3      | Killed Jessica
  3007 | D:3      | Gained mutation: You are dopey. (Int -2) [potion of
                  | mutation]
  3008 | D:3      | Lost mutation: You are dopey. (Int -2) [potion of mutation]
  3008 | D:3      | Gained mutation: You have sharp toenails. [potion of
                  | mutation]
  3008 | D:3      | Gained mutation: Your spells are a little harder to cast,
                  | but a little more powerful. [potion of mutation]
  3008 | D:3      | Gained mutation: You are covered in fur. (AC +1) [potion of
                  | mutation]
  3008 | D:3      | Gained mutation: Your system is resistant to poisons.
                  | (rPois) [potion of mutation]
  3183 | D:4      | Reached skill level 5 in Unarmed Combat
  3183 | D:4      | Gained mutation: You are mostly covered in thin metallic
                  | scales. (AC +3) [demonic ancestry]
  3183 | D:4      | Reached XP level 6. HP: 43/43 MP: 11/11
  3185 | D:4      | Identified the +0 leather armour "Billudao" {-Tele +Inv
                  | MP-9 Stlth+}
  3227 | D:4      | Found a burning altar of Makhleb.
  3227 | D:4      | Found a basalt altar of Yredelemnul.
  3228 | D:4      | Found a radiant altar of Vehumet.
  3248 | D:4      | Became a worshipper of Makhleb the Destroyer
  3600 | D:4      | Killed from afar by an orc priest

Illustrated notes

Levels and vault maps discovered:
D:1:      wander_arrival_peaceful_grave, layout_basic,
          wander_ebering_terrifying_dragon_lair
D:2:      layout_basic, dreamdust_ecumenical_altar_drowned_temple,
          lexackson_kobold_supper
D:3:      layout_loops_cross, chequers_serial_rivers_micro_a,
          reono_crystal_passage, uniq_jessica, uniq_terence
D:4:      layout_loops_cross, nzn_wu_jian_contemplation,
          chequers_temple_overflow_statue_of_worship,
          mainiacjoe_overflow_small_starburst

Skill      XL: |  1  2  3  4  5  6 |
---------------+-------------------+-----
Unarmed Combat | 3 4 5 |  5.5
Spellcasting   | 3 4 |  4.3
Fighting       | |  1.0
Dodging        | |  1.7
Transmutations | |  1.7

Action                   |  1- 3 |  4- 6 || total
-------------------------+-------+-------++-------
Melee: Unarmed           |    82 |   115 ||   197
       Headbutt          |    12 |     9 ||    21
       Kick              |    13 |    16 ||    29
       Punch             |     1 |     4 ||     5
 Cast: Beastly Appendage |    25 |    25 ||    50
       Wereblood         |       |     2 ||     2
  Use: Scroll            |     2 |     3 ||     5
       Potion            |       |     5 ||     5
 Stab: Sleeping          |     1 |       ||     1
Armor: Robe              |    23 |    18 ||    41
       Skin              |       |    28 ||    28
Dodge: Dodged            |    51 |    49 ||   100

Table legend: (Time is in decaauts)
 A = Elapsed time spent in this place.
 B = Non-inter-level travel time spent in this place.
 C = Inter-level travel time spent in this place.
 D = Time resting spent in this place.
 E = Time spent auto-exploring this place.
 F = Levels seen in this place.
 G = Mean time per level.
                   A        B        C        D        E       F      G
               +--------+--------+--------+--------+--------+-----+--------+
         Total |   3552 |   3471 |     81 |    320 |   2539 |   4 |  888.0 |
       Dungeon |   3552 |   3471 |     81 |    320 |   2539 |   4 |  888.0 |
               +--------+--------+--------+--------+--------+-----+--------+

Top non-repeatable levels by time:
     D:1: 1152 daAuts
     D:2: 1115 daAuts
     D:3: 1059 daAuts
     D:4: 224 daAuts
